 Dungeon Crawl Stone Soup version 0.19.0 (webtiles) character file.

14 TheGoonsmith the Ruffian (level 2, 0/25 HPs)
             Began as a Naga Transmuter on Nov 11, 2016.
             Succumbed to a kobold's poison
             ... on level 1 of the Dungeon.
             The game lasted 00:01:12 (933 turns).

TheGoonsmith the Ruffian (Naga Transmuter)           Turns: 933, Time: 00:01:13

Health: 0/25       AC:  1    Str: 12    XL:     2   Next: 45%
Magic:  5/5        EV: 10    Int: 18    God:
Gold:   37         SH:  0    Dex: 11    Spells: 1 memorised, 4 levels left

rFire  . . .     SeeInvis +       - Unarmed
rCold  . . .     Gourm    .     b - +0 robe
rNeg   . . .     Faith    .     (no shield)
rPois  +         Spirit   .     (helmet restricted)
rElec  +         Reflect  .     (no cloak)
rCorr  .         Harm     .     (no gloves)
MR     .....                    (no barding)
Stlth  +.........               (no amulet)
                                (no ring)
                                (no ring)

@: brilliant, lethally poisoned (0 -> -2), very slightly contaminated,
invisible, very slow
A: beak, see invisible, deformed body, deterioration 1, poison resistance,
electricity resistance, slowness 2, slow metabolism 1, spit poison 1, AC +0
a: Spit Poison


You were on level 1 of the Dungeon.
You were not hungry.

You visited 1 branch of the dungeon, and saw 1 of its levels.

You collected 37 gold pieces.

Inventory:

Missiles
 a - 12 arrows
Armour
 b - a +0 robe (worn)
Jewellery
 e - an uncursed ring of protection from cold {unknown}
 l - a +3 ring of intelligence {unknown}
Scrolls
 f - 4 scrolls of remove curse
 k - a scroll of recharging
Potions
 h - 2 potions of brilliance
Books
 c - a book of Changes

   Spells                             Type                      Level
   a - Beastly Appendage              Transmutation                1
   b - Sticks to Snakes               Transmutation                2
   c - Spider Form                    Transmutation/Poison         3
   d - Ice Form                       Ice/Transmutation            4
   e - Blade Hands                    Transmutation                5
Comestibles
 d - 4 bread rations


   Skills:
 - Level 1.0 Fighting
 - Level 1.5 Dodging
 * Level 3.8 Unarmed Combat
 - Level 2.0 Spellcasting
 - Level 2.0 Transmutations


You had 4 spell levels left.
You knew the following spells:

 Your Spells              Type           Power        Failure   Level  Hunger
a - Beastly Appendage     Tmut           ###...       1%          1    #......


Dungeon Overview and Level Annotations

Branches:
Dungeon (1/15)

Altars:


Innate Abilities, Weirdness & Mutations

You cannot wear boots.
Your serpentine skin is tough. (AC +0)
You have supernaturally acute eyesight. (SInv)
Armour fits poorly on your strangely shaped body.
Your system is resistant to poisons. (rPois)
You cover ground very slowly.
You have a slow metabolism.
You can spit poison.
You have a beak for a mouth.
Your body sometimes deteriorates upon taking damage.
You are resistant to electric shocks. (rElec)


Message History

You feel blessed for a moment.
It was a scroll of remove curse.
* * * LOW HITPOINT WARNING * * *
You feel sick.
* * * LOW HITPOINT WARNING * * *
You feel sick.
* * * LOW HITPOINT WARNING * * *
You feel sick.
As you read the scroll labeled BEEWADW SOARY, it crumbles to dust.
It is a scroll of identify.
k - a scroll of recharging
As you read the scroll labeled WEISSU BYECS, it crumbles to dust.
You feel strangely unstable.
It was a scroll of teleportation.
* * * LOW HITPOINT WARNING * * *
You feel sick.
Your surroundings suddenly seem different.
* * * LOW HITPOINT WARNING * * *
You feel sick.
* * * LOW HITPOINT WARNING * * *
You feel sick.
You die...

###.#....#####.# ##
#........[..##.# #.
#.####..###.##†# #.
#..###..###.##.######.
#.#.................##
##.###.#...÷#########.#
..# ##..#...###### #.#
.... ##.....#......# #.#
#...#..#.#@##...##.#)# #.#
#...........##.###.#.# #.#
#..######...##.###.#.#
#.## #.#....#..)##..##.#.#
#... #.#....#..####.##.#.#
#..# #.#....#..# #.##.#.#
#..# #.#..).#..#
#.##.#.###... #.#...)#..#
##.##.#.......
#.##'###..###..†#.#####.##


There were no monsters in sight!

Vanquished Creatures
  A goblin (D:1)
  4 hobgoblins (D:1)
  A bat (D:1)
  3 kobolds (D:1)
  7 rats (D:1)
16 creatures vanquished.

Notes
Turn   | Place    | Note
-------+----------+-------------------------------------------
     0 | D:1      | TheGoonsmith the Naga Transmuter began the quest for the Orb.
     0 | D:1      | Reached XP level 1. HP: 18/18 MP: 3/3
   368 | D:1      | Reached XP level 2. HP: 24/25 MP: 5/5
   914 | D:1      | Gained mutation: Your body sometimes deteriorates upon taking damage. [potion of mutation]
   914 | D:1      | Gained mutation: You have a beak for a mouth. [potion of mutation]
   914 | D:1      | Gained mutation: You are resistant to electric shocks. (rElec) [potion of mutation]
   930 | D:1      | HP: 1/25 [poisoned by a kobold]
   933 | D:1      | Succumbed to a kobold's poison

Action                   || total
-------------------------++-------
Melee: Unarmed           ||    59
       Headbutt          ||     1
       Punch             ||     1
 Cast: Beastly Appendage ||     2
 Abil: Spit Poison       ||     3
  Use: Scroll            ||     3
       Potion            ||     3
Armor: Robe              ||     6
Dodge: Dodged            ||    22
